 Dungeon Crawl Stone Soup version 0.31-a0-971-g75a2e9a4b4 (webtiles) character file.

Game seed: 10759182497591210544

396 sampeng1 the Chopper (level 7, -2/55 HPs)
             Began as a Human Berserker on Oct 29, 2023.
             Was a Believer of Trog.
             Slain by an ogre
             ... wielding a +0 giant club
              (17 damage)
             ... on level 4 of the Dungeon.
             The game lasted 00:09:30 (3315 turns).

sampeng1 the Chopper (Human Berserker)              Turns: 3315, Time: 00:09:30

Health: -2/55      AC: 10    Str: 19    XL:     7   Next: 9%
Magic:  0/7        EV:  9    Int:  7    God:    Trog [**....]
Gold:   119        SH:  0    Dex: 13    Spells: 6/6 levels left

rFire   . . .        l - +1 hand axe (vamp)
rCold   . . .        (no shield)
rNeg    . . .        b - +0 chain mail
rPois   .            (no helmet)
rElec   .            (no cloak)
rCorr   .            (no gloves)
SInv    .            g - +0 pair of boots
Will    .....        e - amulet of guardian spirit Stlth
                     (no ring)
HPRegen 0.29/turn    (no ring)
MPRegen 0.10/turn

%: guardian spirit
@: no status effects
A: no striking features
a: Renounce Religion, Berserk, Trog's Hand


You were on level 4 of the Dungeon.
You worshipped Trog.
Trog was pleased with you.
You visited 1 branch of the dungeon, and saw 4 of its levels.

You collected 119 gold pieces.

Inventory:

Hand Weapons
 l - a +1 vampiric hand axe (weapon)
Missiles
 h - 6 poisoned darts (quivered)
Armour
 b - a +0 chain mail (worn)
 g - a +0 pair of boots (worn)
Jewellery
 e - an amulet of guardian spirit (around neck)
Wands
 a - a wand of flame (17)
Scrolls
 j - 3 scrolls of immolation
 m - a scroll of blinking
 n - a scroll of teleportation
Potions
 c - 3 potions of curing
 d - 4 potions of might
 f - a potion of resistance
 i - 2 potions of lignification


   Skills:
 + Level 4.4 Fighting
 + Level 4.5 Axes
 + Level 3.8 Armour
 + Level 3.8 Dodging


You had 6 spell levels left.
You didn't know any spells.
Your spell library was empty.

Dungeon Overview and Level Annotations

Branches:
Dungeon (4/15)
 Temple: D:4-7

Altars:
Hepliaklqana
Okawaru
Yredelemnul
The Shining One


Message History

The endoplasm freezes you.
You are frozen.
You hit the endoplasm.
You feel better.
The endoplasm is severely wounded.
The endoplasm hits you but does no damage.
You slash the endoplasm!
You feel better.
You kill the endoplasm!
Trog accepts your kill. The kobold closely misses you.
You closely miss the kobold. The kobold hits you but does no damage.
You hit the kobold but do no damage. The kobold hits you but does no damage.
You closely miss the kobold. The kobold hits you but does no damage.
You closely miss the kobold. The kobold closely misses you.
You closely miss the kobold. The kobold hits you but does no damage.
You hit the kobold.
You feel better.
You kill the kobold!
Trog accepts your kill.
You hit the ogre.
The ogre is lightly wounded.
The ogre hits you with a +0 giant club!!
You hit the ogre.
You feel better.
The ogre is moderately wounded.
The ogre barely misses you.
You hit the ogre.
You feel better.
The ogre is moderately wounded.
You hit the ogre.
The ogre is heavily wounded.
The ogre completely misses you.
You hit the ogre.
The ogre is heavily wounded.
The ogre hits you with a +0 giant club!!
You hit the ogre but do no damage.
The ogre is heavily wounded.
The ogre hits you with a +0 giant club!
* * * LOW HITPOINT WARNING * * *
You feel better.
You barely miss the ogre.
The ogre is heavily wounded.
The ogre hits you with a +0 giant club!!
You die...

#... ##. ...#
### #..###..
#.. ..# #..#
..#. #..
..##..# ...
... #.#..#
#..#.# .
#....###
..#.#
.###......#
#†)#
#...##.#..##
#O#
##.###..#..##
##@# ...#
##.....###..#
##.#
###........#
##.##
##.....###
....# #######
##.## ###


You could see an ogre.

Vanquished Creatures
  The ghost of Sabo the Chopper, an amateur DsGl (D:3)
  A scorpion (D:4)
  A hound (D:2)
  2 orc wizards (D:4)
  5 adders
  2 dart slugs
  7 orcs (D:4)
  9 endoplasms
  4 giant cockroaches
  5 goblins
  8 hobgoblins
  8 kobolds
  A quokka (D:3)
  5 ball pythons
  6 bats
  5 frilled lizards
  4 rats
74 creatures vanquished.

Notes
Turn   | Place    | Note
-------+----------+-------------------------------------------
     0 | D:1      | sampeng1 the Human Berserker began the quest for the Orb.
     0 | D:1      | Reached XP level 1. HP: 18/18 MP: 1/1
   303 | D:1      | Reached XP level 2. HP: 17/24 MP: 2/2
  1141 | D:1      | Reached XP level 3. HP: 27/29 MP: 3/3
  1235 | D:2      | Reached XP level 4. HP: 13/35 MP: 4/4
  1569 | D:2      | Reached ** piety under Trog
  1917 | D:2      | Found a basalt altar of Yredelemnul.
  2212 | D:2      | Identified the +12 sling "Cyvvioco" {speed, rPois rCorr
                  | Str+3 Int+2}
  2361 | D:3      | Found an iron altar of Okawaru.
  2364 | D:3      | Found a glowing golden altar of the Shining One.
  2365 | D:3      | Found a hazy altar of Hepliaklqana.
  2426 | D:3      | Found a basalt altar of Yredelemnul.
  2457 | D:3      | Found a faded altar of an unknown god.
  2521 | D:3      | Reached XP level 5. HP: 37/41 MP: 3/5
  2629 | D:3      | Found a runed translucent door.
  2629 | D:3      | Noticed Sabo's ghost (amateur DsGl)
  2666 | D:3      | Killed Sabo's ghost
  2667 | D:3      | Reached XP level 6. HP: 16/48 MP: 0/6
  3278 | D:4      | Noticed an ogre
  3298 | D:4      | Reached XP level 7. HP: 47/55 MP: 7/7
  3315 | D:4      | Slain by an ogre

Illustrated notes

Levels and vault maps discovered:
D:1:      grunt_arrival_crossed_arrows, layout_basic, hex_intersection
D:2:      layout_basic, basic_altar, serial_corexii_hall,
          corexii_hall_statues_u, corexii_hall_statues_x,
          hangedman_decor_growths, minmay_misc_feat_iff
D:3:      layout_basic, mainiacjoe_overflow_boulevard,
          chequers_temple_overflow_statue_of_worship, gammafunk_ghost_grave,
          hellmonk_ecumenical_altar_zigzags
D:4:      layout_loops_ring, nicolae_elyvilon_temple_path, marbit_many_paths,
          minmay_ruined_shrine

Skill      XL: |  1  2  3  4  5 |
---------------+----------------+-----
Armour         | 3 |  3.8
Dodging        | 3 |  3.8
Fighting       | 4 |  4.4
Axes           | 4 |  4.5

Action                     |  1- 3 |  4- 6 |  7- 9 || total
---------------------------+-------+-------+-------++-------
  Melee: Hand axe          |    56 |   173 |    17 ||   246
         Punch             |       |     4 |       ||     4
 Invoke: Berserk           |       |     2 |       ||     2
    Use: Scroll            |     2 |     5 |       ||     7
         Potion            |     1 |     6 |     1 ||     8
 Armour: Animal skin       |    11 |       |       ||    11
         Leather armour    |     6 |       |       ||     6
         Scale mail        |    22 |    31 |       ||    53
         Chain mail        |       |   104 |     9 ||   113
  Dodge: Dodged            |    27 |    77 |     4 ||   108

Table legend: (Time is in decaauts)
 A = Elapsed time spent in this place.
 B = Non-inter-level travel time spent in this place.
 C = Inter-level travel time spent in this place.
 D = Time resting spent in this place.
 E = Time spent auto-exploring this place.
 F = Levels seen in this place.
 G = Mean time per level.
                   A        B        C        D        E       F      G
               +--------+--------+--------+--------+--------+-----+--------+
         Total |   3350 |   3200 |    150 |      0 |   2434 |   4 |  837.5 |
       Dungeon |   3350 |   3200 |    150 |      0 |   2434 |   4 |  837.5 |
               +--------+--------+--------+--------+--------+-----+--------+

Top non-repeatable levels by time:
     D:1: 1206 daAuts
     D:2: 1125 daAuts
     D:3: 776 daAuts
     D:4: 241 daAuts
